 Dungeon Crawl Stone Soup version 0.30-a0-605-gb2882149bf (webtiles) character file.

Game seed: 10585054317679737266

799 acebull12 the Covert (level 7, 0/45 HPs)
             Began as an Octopode Enchanter on Jan 7, 2023.
             Slain by Pikel
             ... wielding a +1 whip of freezing
              (5 damage)
             ... on level 4 of the Dungeon on Jan 8, 2023.
             The game lasted 00:13:40 (3863 turns).

acebull12 the Covert (Octopode Enchanter)           Turns: 3863, Time: 00:13:40

Health: 0/45       AC:  5    Str:  7    XL:     7   Next: 90%
Magic:  17/20      EV: 13    Int: 18    God:
Gold:   240        SH:  0    Dex: 14    Spells: 10/12 levels left

rFire   . . .      SeeInvis .    c - +0 rapier
rCold   . . .      Faith    .    (no shield)
rNeg    . . .      Spirit   .    (helmet restricted)
rPois   .          Reflect  .    (no amulet)
rElec   .          Harm     .    g - ring of willpower
rCorr   .          Rampage  .    h - +4 ring of protection
Will    +....                    j - ring of flight
Stlth   +++++                    s - ring of magical power
HPRegen 0.27/turn                (no ring)
MPRegen 0.17/turn                (no ring)
                                 (no ring)
                                 (no ring)

@: flying, very slightly contaminated
A: almost no armour, amphibious, 8 rings, camouflage 1, gelatinous body 1,
(nimble swimmer 1), tentacles
a: no special abilities


You were on level 4 of the Dungeon.
You visited 1 branch of the dungeon, and saw 4 of its levels.

You collected 240 gold pieces.

Inventory:

Hand Weapons
 a - a +1 dagger
 c - a +0 rapier (weapon)
 v - a +1 vampiric dagger
Armour
 m - an orb of energy
Jewellery
 g - a ring of willpower (left tentacle)
 h - a +4 ring of protection (right tentacle)
 j - a ring of flight (on tentacle)
 s - a ring of magical power (on tentacle)
Wands
 t - a wand of flame (36)
Scrolls
 d - a scroll of torment {unknown}
 e - a scroll of vulnerability {unknown}
 f - a scroll of butterflies {unknown}
 k - 6 scrolls of identify {unknown}
 l - 3 scrolls of teleportation {unknown}
 n - 2 scrolls of enchant armour {unknown}
 o - a scroll of immolation {unknown}
 r - a scroll of blinking {unknown}
 x - a scroll of magic mapping {unknown}
Potions
 b - 3 potions of invisibility
 i - a potion of degeneration {unknown}
 p - a potion of mutation {unknown}
 q - a potion of flight {unknown}
 u - a potion of haste {unknown}
 w - a potion of heal wounds {unknown}
 z - a potion of ambrosia {unknown}
 A - a potion of brilliance {unknown}
 B - a potion of experience {unknown}


   Skills:
 * Level 2.1 Fighting
 * Level 4.1 Short Blades
 + Level 2.3 Dodging
 * Level 8.5 Stealth
 * Level 3.1 Spellcasting
 * Level 4.4 Hexes
 + Level 0.3 Ice Magic


You had 10 spell levels left.
You knew the following spells:

 Your Spells              Type           Power      Damage    Failure   Level
a - Ensorcelled Hibernat  Hex/Ice        22%        N/A       9%          2

Your spell library contained the following spells:

 Spells                   Type           Power      Damage    Failure   Level
 Confusing Touch          Hex            18%        N/A       8%          3
 Tukima's Dance           Hex            18%        N/A       8%          3
 Dazzling Flash           Conj/Hex       20%        N/A       19%         3


Dungeon Overview and Level Annotations

Branches:
Dungeon (4/15)
 Temple: D:4-7

Altars:
Cheibriados
Elyvilon
Fedhas
Hepliaklqana
Qazlal
Sif Muna
Trog
Uskayaw
Vehumet
Wu Jian
Xom

Annotations:
D:4 Pikel


Innate Abilities, Weirdness & Mutations

You cannot wear most types of armour.
You are amphibious.
You can wear up to eight rings at the same time.
Your skin changes colour to match your surroundings (Stealth+).
Your rubbery body absorbs attacks. (AC +1, EV +1)
((You are camouflaged when in or above water. (Stealth+)))
You have tentacles for arms and can constrict up to eight enemies at once.


Message History

Nothing appears to happen.
Pikel hits you with a +1 whip of freezing.
Pikel freezes you.
Casting: Ensorcelled Hibernation (safe; 9% risk of failure)
Confirm with . or Enter, or press ? or * to list all spells.
Aiming: Ensorcelled Hibernation (safe; 9% risk of failure)
Press: ? - help, Shift-Dir - straight line, f/p - Pikel
Aim: Pikel, wielding a +1 whip of freezing and wearing a +0 robe (chance to affect: 45%) Pikel looks drowsy...
The lemure hits you. x2
The helpless Pikel fails to defend himself.
You impale Pikel!! Your grab misses Pikel.
Pikel is almost dead.
Pikel hits you with a +1 whip of freezing.
Pikel freezes you.
You barely miss Pikel. Your grab misses Pikel.
Pikel is almost dead.
Pikel hits you with a +1 whip of freezing.
Pikel freezes you. The lemure hits you but does no damage. The lemure hits you.
The lemure closely misses you.
You barely miss Pikel. Your grab misses Pikel.
Pikel is almost dead.
Pikel hits you with a +1 whip of freezing.
Pikel freezes you. The lemure hits you but does no damage.
The lemure closely misses you. The lemure hits you but does no damage.
You hit Pikel. You grab Pikel. You squeeze Pikel, but do no damage.
Pikel is almost dead.
You constrict Pikel, but do no damage.
Pikel hits you with a +1 whip of freezing.
Pikel freezes you.
* * * LOW HITPOINT WARNING * * *
The lemure hits you.
* * * LOW HITPOINT WARNING * * *
The lemure hits you.
* * * LOW HITPOINT WARNING * * *
The lemure misses you.
You hit Pikel but do no damage. Your squeeze misses Pikel.
Pikel is severely wounded.
You constrict Pikel, but do no damage.
Pikel hits you with a +1 whip of freezing.
You die...

#...............#
###.#.##
######....#.##..#
#.....## #......##..#
#.#.#... ###..#.##..##
#....... ###..#......#
####....... #...........#
#..........
#$..........###.###......
#.......5.....(..........
#......K@.......###......
#......55...##### #......
#...........# #..^...
#.........#.# #......
##..........# ####...
#.......#### #...
#.......# #... #.......#
#... ...... #...


You could see Pikel and 3 lemures.

Vanquished Creatures
  Grinder (D:3)
  An ogre (D:4)
  A lemure (D:3)
  A phantom (D:4)
  2 necrophages
  A scorpion (D:4)
  A howler monkey (D:3)
  2 hounds (D:4)
  An orc priest (D:4)
  An iguana (D:3)
  4 adders
  4 orcs (D:4)
  9 ball pythons
  5 endoplasms
  7 giant cockroaches
  7 goblins
  7 hobgoblins
  2 jackals (D:2)
  2 quokkas
  8 bats
  6 frilled lizards
  7 kobolds
  7 rats
87 creatures vanquished.

Notes
Turn   | Place    | Note
-------+----------+-------------------------------------------
     0 | D:1      | acebull12 the Octopode Enchanter began the quest for the
                  | Orb.
     0 | D:1      | Reached XP level 1. HP: 11/11 MP: 3/3
   103 | D:1      | Found a faded altar of an unknown god.
   127 | D:1      | Reached XP level 2. HP: 13/17 MP: 5/5
   879 | D:2      | Learned a level 2 spell: Ensorcelled Hibernation
   888 | D:2      | Reached XP level 3. HP: 22/22 MP: 6/6
   899 | D:2      | Reached skill level 5 in Stealth
  1414 | D:2      | Reached XP level 4. HP: 27/27 MP: 7/7
  2030 | D:3      | Found an ornate altar of the Wu Jian Council.
  2032 | D:3      | Found a shimmering altar of Xom.
  2033 | D:3      | Found a shimmering blue altar of Sif Muna.
  2108 | D:3      | Found a blossoming altar of Fedhas.
  2109 | D:3      | Found a hazy altar of Hepliaklqana.
  2111 | D:3      | Found a stormy altar of Qazlal.
  2111 | D:3      | Found a radiant altar of Vehumet.
  2112 | D:3      | Found a snail-covered altar of Cheibriados.
  2114 | D:3      | Found a bloodstained altar of Trog.
  2118 | D:3      | Found a white marble altar of Elyvilon.
  2119 | D:3      | Found a hide-covered altar of Uskayaw.
  2293 | D:3      | Reached skill level 6 in Stealth
  2396 | D:3      | Noticed Grinder
  2402 | D:3      | Killed Grinder
  2403 | D:3      | Reached skill level 1 in Fighting
  2403 | D:3      | Reached skill level 7 in Stealth
  2403 | D:3      | Reached XP level 5. HP: 17/33 MP: 8/8
  2403 | D:3      | Reached XP level 6. HP: 20/38 MP: 9/9
  2734 | D:4      | Noticed Pikel
  2856 | D:4      | Reached skill level 8 in Stealth
  2856 | D:4      | Reached XP level 7. HP: 23/43 MP: 10/10
  3863 | D:4      | Slain by Pikel

Illustrated notes

Levels and vault maps discovered:
D:1:      heliophobic_arrival_battle_scene, layout_basic,
          dreamdust_ecumenical_altar_angels_and_demons
D:2:      layout_loops_corners, minmay_between
D:3:      layout_loops_ring, nicolae_overflow_hallway_of_the_gods, uniq_grinder
D:4:      layout_basic, uniq_pikel

Skill      XL: |  1  2  3  4  5  6  7 |
---------------+----------------------+-----
Stealth        | 5 7 8 |  8.5
Short Blades   | 2 3 4 |  4.1
Fighting       | 1 2 |  2.1
Hexes          | 4 |  4.4
Spellcasting   | 3 |  3.1
Dodging        | |  2.3
Ice Magic      | |  0.3

Action                   |  1- 3 |  4- 6 |  7- 9 || total
-------------------------+-------+-------+-------++-------
Melee: Rapier            |    55 |    75 |    65 ||   195
       Dagger            |     2 |       |       ||     2
       Constrict         |    11 |    11 |    12 ||    34
       Tentacles         |     6 |    15 |    15 ||    36
       Punch             |       |     1 |     2 ||     3
 Cast: Ensorcelled Hiber |     4 |     2 |     3 ||     9
 Stab: Sleeping          |    23 |    14 |     2 ||    39
       Distracted        |       |       |     2 ||     2
Armor: Skin              |    17 |    15 |    12 ||    44
Dodge: Dodged            |    32 |    28 |    40 ||   100

Table legend: (Time is in decaauts)
 A = Elapsed time spent in this place.
 B = Non-inter-level travel time spent in this place.
 C = Inter-level travel time spent in this place.
 D = Time resting spent in this place.
 E = Time spent auto-exploring this place.
 F = Levels seen in this place.
 G = Mean time per level.
                   A        B        C        D        E       F      G
               +--------+--------+--------+--------+--------+-----+--------+
         Total |   3876 |   3504 |    372 |    504 |   2086 |   4 |  969.0 |
       Dungeon |   3876 |   3504 |    372 |    504 |   2086 |   4 |  969.0 |
               +--------+--------+--------+--------+--------+-----+--------+

Top non-repeatable levels by time:
     D:3: 1228 daAuts
     D:2: 957 daAuts
     D:4: 861 daAuts
     D:1: 829 daAuts
